Map: King's Cove LE

Players

Lambo - Winner!

  • Race: Zerg Zerg
  • League: Grandmaster
  • Spawn Location: 5:00

Geralt (Gerald)

  • Race: Protoss Protoss
  • League: Grandmaster
  • Spawn Location: 11:00

Event: 2019 WCS Winter Europe

VOD

Have the link to the VOD?

Description

Time

  • Played on: Feb. 3, 2019, 9:14 a.m.
  • Length: 12:18

All games in this series

Show
View Real Time Build Order
Export as new Build Order

Lambo Zerg - Winner!

Build Orders: Hatch First 

Get SALT Encoding   

  12  0:00  Drone  
  13  0:12  Overlord  
  13  0:17  Drone  
  14  0:30  Drone x2  
  16  0:47  Drone  
  17  0:52  Hatchery  
  17  0:55  Drone  
  17  0:59  Drone  
  18  1:09  Extractor  
  17  1:14  Spawning Pool  
  17  1:17  Drone  
  17  1:21  Drone  
  18  1:27  Drone  
  19  1:44  Drone  
  20  1:51  Overlord  
  20  2:01  Queen  
  20  2:05  Queen, Zergling x2, Drone  
  26  2:11  Metabolic Boost  
  26  2:12  Zergling x2  
  26  2:15  Drone  
  29  2:22  Drone  
  29  2:27  Drone  
  30  2:40  Hatchery  
  30  2:43  Drone  
  30  2:50  Drone  
  31  2:54  Drone x2  
  31  2:56  Overlord  
  33  3:01  Drone  
  34  3:11  Zergling x2  
  35  3:16  Queen, Drone x3  
  35  3:17  Drone  
  41  3:21  Overlord  
  41  3:26  Zergling x2  
  42  3:29  Drone x2  
  44  3:38  Overlord  
  44  3:46  Drone  
  44  3:47  Drone x5  
  50  3:49  Lair  
  50  3:55  Spore Crawler  
  50  3:59  Extractor, Roach Warren  
  50  4:00  Extractor  
  46  4:04  Queen  
  46  4:06  Drone x2  
  50  4:10  Drone x2  
  50  4:11  Drone  
  50  4:15  Drone x2  
  55  4:17  Drone  
  55  4:21  Drone x3  
  59  4:24  Drone  
  59  4:28  Drone x2  
  62  4:32  Overlord  
  62  4:33  Overlord  
  62  4:42  Overlord  
  62  4:44  Roach x2  
  66  4:46  Overlord  
  66  4:49  Overlord  
  66  4:53  Overseer  
  66  4:54  Glial Reconstitution  
  66  4:55  Roach x2  
  70  5:01  Roach x4  
  78  5:08  Roach x2  
  78  5:13  Roach, Zergling x6  
  78  5:14  Zergling x2  
  87  5:18  Roach x2  
  91  5:22  Roach  
  91  5:24  Overlord  
  91  5:26  Overlord  
  91  5:27  Roach  
  95  5:30  Roach, Overlord  
  97  5:38  Overlord  
  96  5:43  Roach x4  
  96  5:47  Roach  
  106  5:53  Roach x2, Zergling x2  
  106  5:54  Zergling x2  
  109  5:58  Roach, Zergling x4  
  90  6:06  Roach x2, Zergling x2  
  84  6:17  Roach  
  80  6:21  Roach, Zergling x2  
  80  6:22  Queen x2  
  80  6:27  Roach, Zergling x4  
  83  6:37  Roach x2, Zergling x2  
  76  6:47  Roach x2  
  76  6:50  Roach  
  67  6:56  Roach, Zergling x4  
  67  7:00  Roach, Zergling x2  
  70  7:04  Zergling x2  
  65  7:10  Roach x2  
  69  7:16  Drone  
  69  7:20  Roach  
  70  7:24  Roach  
  70  7:29  Roach  
  70  7:32  Roach, Zergling x2  
  71  7:38  Roach  
  71  7:41  Zergling x6  
  71  7:42  Zergling x2  
  77  7:46  Roach, Zergling x6  
  83  7:51  Roach  
  83  7:56  Roach x2  
  87  7:59  Roach  
  87  8:05  Roach, Zergling x2  
  91  8:08  Roach  
  91  8:09  Zergling x4  
  95  8:15  Roach x2  
  99  8:20  Roach  
  99  8:26  Roach, Zergling x2  
  100  8:30  Roach  
  87  8:34  Roach x2  
  87  8:39  Roach  
  87  8:40  Queen  
  94  8:43  Roach  
  94  8:48  Roach  
  91  8:56  Extractor  
  91  8:57  Extractor  
  86  9:04  Roach x3  
  88  9:10  Roach  
  88  9:11  Hatchery  
  89  9:24  Drone x2  
  85  9:32  Roach x2  
  89  9:41  Roach x2  
  93  9:48  Overseer  
  93  9:50  Drone x2  
  93  10:06  Roach x4  
  101  10:13  Roach x2  
  105  10:15  Overseer  
  105  10:16  Roach x3  
  111  10:25  Roach x2  
  111  10:26  Roach  
  117  10:38  Roach x2  
  117  10:39  Overlord x2  
  121  10:48  Overlord  
  121  10:59  Roach x3  
  121  11:00  Ravager, Roach x2  
  121  11:04  Roach x2  
  136  11:06  Roach  
  136  11:08  Overseer  
  136  11:11  Roach  
  140  11:15  Roach x2  
  144  11:22  Roach  
  144  11:24  Overlord  
  146  11:28  Overlord  
  146  11:43  Ravager  
  146  11:44  Roach x3  
  153  11:51  Roach x5  
  151  11:57  Roach x2  
Show
View Real Time Build Order
Export as new Build Order

Geralt Protoss 

Build Orders: 1 Gate Expand 

Get SALT Encoding   

  12  0:00  Probe  
  13  0:12  Probe  
  14  0:20  Pylon  
  14  0:24  Probe  
  15  0:30  Assimilator  
  15  0:34  Probe  
  15  0:42  Probe  
  17  0:51  Gateway  
  17  0:52  Probe  
  18  1:05  Probe  
  19  1:17  Probe  
  20  1:29  Nexus  
  20  1:33  Probe  
  21  1:42  Cybernetics Core  
  21  1:45  Probe  
  22  1:54  Assimilator  
  22  1:58  Pylon  
  22  2:00  Probe  
  23  2:09  Adept  
  23  2:16  Probe  
  26  2:23  Twilight Council  
  26  2:28  Probe  
  26  2:29  Adept  
  27  2:34  Warp Gate  
  27  2:41  Probe  
  27  2:42  Probe  
  31  2:53  Probe  
  31  2:54  Probe  
  33  2:58  Stalker  
  35  3:06  Robotics Facility  
  35  3:09  Probe x2  
  37  3:21  Probe  
  37  3:22  Charge, Gateway  
  38  3:32  Probe  
  39  3:38  Probe  
  38  3:43  Immortal  
  38  3:46  Pylon  
  38  3:48  Gateway  
  38  3:51  Probe  
  38  3:53  Assimilator  
  43  4:05  Gateway  
  43  4:06  Gateway  
  43  4:10  Gateway  
  43  4:14  Warp Prism  
  43  4:21  Gateway  
  45  4:27  Gateway  
  45  4:32  Pylon  
  45  4:34  Pylon  
  45  4:41  Sentry  
  47  4:48  Pylon  
  47  4:50  Pylon  
  47  5:15  Zealot x6  
  47  5:19  Zealot  
  47  5:20  Zealot  
  63  5:37  Zealot  
  63  5:38  Zealot x7  
  75  6:01  Zealot x7  
  75  6:25  Zealot x8  
  53  6:47  Zealot x6  
  53  6:50  Zealot  
  47  7:15  Zealot x8  
  61  7:36  Sentry  
  61  7:37  Zealot x5, Sentry  
  65  7:38  Zealot  
  77  7:55  Pylon  
  77  8:02  Zealot x2, Sentry x2  
  71  8:34  Zealot x7  
  71  8:35  Zealot  
  63  8:56  Zealot x2  
  63  8:57  Zealot x6  
  65  9:07  Immortal  
  65  9:08  Dark Shrine  
  59  9:24  Assimilator  
  59  9:26  Probe  
  58  9:34  Stalker  
  64  9:56  Immortal  
  64  10:17  Zealot x8  
  80  10:21  Pylon  
  80  10:26  Immortal  
  84  10:42  Dark Templar x3  
  90  10:48  Dark Templar  
  92  10:54  Dark Templar  
  94  10:59  Archon x2  
  94  11:00  Dark Templar  
  96  11:07  Archon  
  96  11:09  Observer  
  97  11:32  Dark Templar x2  
  101  11:34  Pylon  
  101  11:35  Pylon  
  83  11:56  Zealot x6  
Tags
 
Add a new tag
Caveats
  • Supply blocks, unpowered buildings, or Contaminate may cause inaccurate times.
  • Supply counts are checked every 10 seconds.